 Dungeon Crawl Stone Soup version 0.30-a0-125-g51eefa89be (webtiles) character file.

Game seed: 7267065253007784668

35 Maken the Chopper (level 3, -2/33 HPs)
             Began as a Hill Orc Monk on Sept 18, 2022.
             Slain by a hobgoblin (4 damage)
             ... on level 1 of the Dungeon.
             The game lasted 00:02:22 (1036 turns).

Maken the Chopper (Hill Orc Monk)                   Turns: 1036, Time: 00:02:23

Health: -2/33      AC:  2    Str: 15    XL:     3   Next: 33%
Magic:  3/3        EV: 12    Int: 10    God:
Gold:   43         SH:  0    Dex: 13    Spells: 2/2 levels left

rFire   . . .      SeeInvis .    a - +0 hand axe
rCold   . . .      Faith    .    (no shield)
rNeg    . . .      Spirit   .    b - +0 robe
rPois   .          Reflect  .    (no helmet)
rElec   .          Harm     .    (no cloak)
rCorr   .          Rampage  .    (no gloves)
Will    .....                    (no boots)
Stlth   ++........               (no amulet)
HPRegen 0.11/turn                (no ring)
MPRegen 0.08/turn                (no ring)

@: brilliant, flying, hasted, very quick
A: no striking features
a: no special abilities


You were on level 1 of the Dungeon.
You visited 1 branch of the dungeon, and saw 1 of its levels.

You collected 43 gold pieces.

Inventory:

Hand Weapons
 a - a +0 hand axe (weapon)
Armour
 b - a +0 robe (worn)
Scrolls
 f - a scroll of noise {unknown}
 h - a scroll of brand weapon {unknown}
 i - a scroll of magic mapping {unknown}
 j - a scroll of fear {unknown}
 k - a scroll of amnesia {unknown}
 l - a scroll of enchant weapon {unknown}
 n - a scroll of vulnerability {unknown}
 o - a scroll of teleportation {unknown}
 p - a scroll of immolation
Potions
 c - a potion of ambrosia
 e - a potion of curing {unknown}
 m - a potion of brilliance


   Skills:
 + Level 4.0 Fighting
 * Level 4.8 Axes
 + Level 1.1 Armour
 + Level 2.6 Dodging
 - Level 1.5 Stealth


You had 2 spell levels left.
You didn't know any spells.
Your spell library was empty.

Dungeon Overview and Level Annotations

Branches:
Dungeon (1/15)

Altars:


Message History

The quokka is almost dead.
The quokka bites you.
* * * LOW HITPOINT WARNING * * *
The quokka closely misses you.
It was a potion of brilliance.
You feel clever all of a sudden. The quokka closely misses you.
It was a potion of haste.
You feel yourself speed up. The quokka bites you.
* * * LOW HITPOINT WARNING * * *
You hit the quokka.
You kill the quokka!
You barely miss the goblin. The goblin barely misses you.
You hit the goblin.
The goblin is moderately wounded.
You barely miss the goblin.
The goblin is moderately wounded.
The goblin hits you but does no damage.
You hit the goblin.
You kill the goblin!
You closely miss the ball python.
The ball python is moderately wounded.
The ball python bites you but does no damage.
The ball python barely misses you.
You barely miss the ball python.
The ball python is moderately wounded.
The ball python closely misses you. The ball python barely misses you.
You hit the ball python.
You kill the ball python!
You barely miss the hobgoblin. You barely miss the hobgoblin.
The hobgoblin hits you.
* * * LOW HITPOINT WARNING * * *
You hit the hobgoblin but do no damage. The hobgoblin completely misses you.
You barely miss the hobgoblin. You hit the hobgoblin.
The hobgoblin is heavily wounded.
The hobgoblin misses you.
You barely miss the hobgoblin.
The hobgoblin is heavily wounded.
The hobgoblin hits you.
You die...

..#....####.#
####....########...
....#..# #.#
##.#............ ..).#..#
#.### #.##########.#.
.......# #...# #.# #.....
...#...# ###.# #.# #...#.##
##.##..# #.## ##.###
#.###.# .......##
#..###....# #..##..#
........#
##..##....##..###.###
#######.# ##..@g..>.##.#
#..##. #.##
#..###.......###.###.
#.(####.## #........#..###.
##......######.####....##..
#..#####...g..## ##...##.#
#.## #....g...# #.#.##.#
### #..........# #.#.....
#..........# #.#.....
#..............#.....


You could see a hobgoblin.

Vanquished Creatures
  A dart slug (D:1)
  2 bats (D:1)
  2 endoplasms (D:1)
  A giant cockroach (D:1)
  5 goblins (D:1)
  2 hobgoblins (D:1)
  5 jackals (D:1)
  2 kobolds (D:1)
  A quokka (D:1)
  3 ball pythons (D:1)
  A frilled lizard (D:1)
  3 rats (D:1)
28 creatures vanquished.

Notes
Turn   | Place    | Note
-------+----------+-------------------------------------------
     0 | D:1      | Maken the Hill Orc Monk began the quest for the Orb.
     0 | D:1      | Reached XP level 1. HP: 19/19 MP: 1/1
    80 | D:1      | Reached XP level 2. HP: 15/27 MP: 2/2
   764 | D:1      | Found a faded altar of an unknown god.
   772 | D:1      | Reached skill level 1 in Armour
   775 | D:1      | Reached XP level 3. HP: 25/33 MP: 3/3
  1036 | D:1      | Slain by a hobgoblin

Illustrated notes

Levels and vault maps discovered:
D:1:      shiori_arrival_maze, layout_rooms, hellmonk_ecumenical_altar_blasted

Skill      XL: |  1  2  3 |
---------------+----------+-----
Armour         | 1 |  1.1
Fighting       | 4 |  4.0
Axes           | |  4.8
Dodging        | |  2.6
Stealth        | |  1.5

Action                   || total
-------------------------++-------
Melee: Hand axe          ||    99
       Punch             ||     1
  Use: Potion            ||     3
 Stab: Sleeping          ||     2
Armor: Robe              ||    27
Dodge: Dodged            ||    89

Table legend: (Time is in decaauts)
 A = Elapsed time spent in this place.
 B = Non-inter-level travel time spent in this place.
 C = Inter-level travel time spent in this place.
 D = Time resting spent in this place.
 E = Time spent auto-exploring this place.
 F = Levels seen in this place.
 G = Mean time per level.
                   A        B        C        D        E       F      G
               +--------+--------+--------+--------+--------+-----+--------+
         Total |   1038 |   1038 |      0 |      0 |    831 |   1 | 1038.0 |
       Dungeon |   1038 |   1038 |      0 |      0 |    831 |   1 | 1038.0 |
               +--------+--------+--------+--------+--------+-----+--------+

Top non-repeatable levels by time:
     D:1: 1038 daAuts
